 Dungeon Crawl Stone Soup version 0.29.1-13-g9f3cf754e1 (webtiles) character file.

Game seed: 14290371857205582786

20 KyoPewz the Vexing (level 2, 0/11 HPs)
             Began as a Felid Enchanter on Feb 9, 2023.
             Was a Follower of Qazlal.
             Slain by a quokka (2 damage)
             ... on level 2 of the Dungeon.
             The game lasted 00:02:33 (1894 turns).

KyoPewz the Vexing (Felid Enchanter)                Turns: 1894, Time: 00:02:34

Health: 0/11       AC:  1    Str:  4    XL:     2   Next: 58%
Magic:  6/6        EV: 17    Int: 16    God:    Qazlal [*.....]
Gold:   61         SH:  1    Dex: 16    Spells: 3/5 levels left
                                        Lives:  0   Deaths: 0

rFire   . . .      SeeInvis +     - Unarmed
rCold   . . .      Faith    .   (shield unavailable)
rNeg    . . .      Spirit   .   (body armour unavailable)
rPois   .          Reflect  .   (helmet unavailable)
rElec   .          Harm     .   (cloak unavailable)
rCorr   .          Rampage  .   (gloves unavailable)
Will    .....                   (boots unavailable)
Stlth   +++.......              (no amulet)
HPRegen 0.03/turn               (no ring)
MPRegen 0.10/turn               (no ring)

@: quick
A: very small, claws 1, fangs 3, see invisible, speed 1, shaggy fur 1, stealthy
paws, no weapons or thrown items, no armour, multi-lived
a: Renounce Religion


You were on level 2 of the Dungeon.
You worshipped Qazlal.
Qazlal was aware of your devotion.
You visited 1 branch of the dungeon, and saw 2 of its levels.

You collected 61 gold pieces.

Inventory:

Scrolls
 b - 2 scrolls of identify {unknown}
 d - 2 scrolls of teleportation {unknown}
 e - a scroll of noise {unknown}
 f - a scroll of blinking {unknown}
 g - a scroll of magic mapping {unknown}
Potions
 a - 2 potions of invisibility
 c - a potion of curing {unknown}
 h - a potion of haste {unknown}


   Skills:
 + Level 0.0 Fighting
 + Level 3.1 Dodging
 + Level 4.3 Stealth
 + Level 1.3 Unarmed Combat
 + Level 2.2 Spellcasting
 + Level 4.7 Hexes
 + Level 0.0 Ice Magic


You had 3 spell levels left.
You knew the following spells:

 Your Spells              Type           Power      Damage    Failure   Level
a - Ensorcelled Hibernat  Hex/Ice        18%        N/A       12%         2

Your spell library contained the following spells:

 Spells                   Type           Power      Damage    Failure   Level
 Confusing Touch          Hex            16%        N/A       9%          3
 Tukima's Dance           Hex            16%        N/A       9%          3
 Sting                    Tmut/Pois      4%         1d3       21%         1
 Dazzling Flash           Conj/Hex       18%        N/A       24%         3
 Poisonous Vapours        Pois/Air       2%         N/A       30%         2
 Olgreb's Toxic Radiance  Pois           1%         N/A       90%         4


Dungeon Overview and Level Annotations

Branches:
Dungeon (2/15)

Altars:
Qazlal


Innate Abilities, Weirdness & Mutations

You have sharp claws.
You have razor-sharp teeth.
You have supernaturally acute eyesight. (SInv)
You cover ground quickly. (Speed+)
You are covered in fur. (AC +1)
Your paws help you pounce on unaware monsters.
You are incapable of wielding weapons or throwing items.
You cannot wear armour.
You gain extra lives every three experience levels.


Message History

The quokka barely misses you. The quokka bites you.
* * * LOW HITPOINT WARNING * * *
The quokka misses you. The quokka barely misses you.
You are too injured to fight recklessly!
The quokka barely misses you.
You barely miss the quokka.
The quokka is severely wounded.
The quokka barely misses you.
You miss the quokka.
The quokka is severely wounded.
The quokka closely misses you.
You barely miss the quokka.
The quokka is severely wounded.
The quokka closely misses you.
You closely miss the quokka.
The quokka is severely wounded.
The quokka closely misses you.
You scratch the quokka but do no damage.
You bite the quokka.
You kill the quokka!
Qazlal accepts your kill.
You scratch the quokka. Your bite misses the quokka.
The quokka is severely wounded.
The quokka closely misses you. The quokka barely misses you.
You miss the quokka.
The quokka is severely wounded.
The quokka misses you.
You barely miss the quokka.
The quokka is severely wounded.
The quokka completely misses you.
You scratch the quokka but do no damage.
The quokka is severely wounded.
The quokka misses you.
You closely miss the quokka.
The quokka is severely wounded.
The quokka barely misses you.
You closely miss the quokka.
The quokka is severely wounded.
The quokka bites you.
You die...

..........................
.....#.#..................
............########.<.###
####.#......# #...#
####.#.# #...# #.####.#.#
#...# ##......#.#####
#...# ....####.......#
#...# ##... #@#.###.#
##...#
#..##r#.###.#.......
#..............
#..##.##.##.#... #...
#...r...# #.# ####.#### #
##.## #...# #.#.#


You could see a quokka.

Vanquished Creatures
  An endoplasm (D:1)
  A giant cockroach (D:1)
  A goblin (D:1)
  2 hobgoblins (D:1)
  4 quokkas
  2 ball pythons
  4 bats
  A kobold (D:1)
  2 rats (D:1)
18 creatures vanquished.

Notes
Turn   | Place    | Note
-------+----------+-------------------------------------------
     0 | D:1      | KyoPewz the Felid Enchanter began the quest for the Orb.
     0 | D:1      | Reached XP level 1. HP: 7/7 MP: 4/4
   518 | D:1      | Reached XP level 2. HP: 5/11 MP: 6/6
  1041 | D:1      | Found a faded altar of an unknown god.
  1226 | D:1      | Prayed at the altar of an unknown god.
  1226 | D:1      | Became a worshipper of Qazlal Stormbringer
  1226 | D:1      | Reached * piety under Qazlal
  1230 | D:1      | Learned a level 2 spell: Ensorcelled Hibernation
  1894 | D:2      | Slain by a quokka

Illustrated notes

Levels and vault maps discovered:
D:1:      dpeg_arrival_water_temple_mockup, layout_basic,
          hellmonk_ecumenical_altar_arch_garden
D:2:      layout_loops_cross, roderic_lattice_a, minmay_tiny_reverse_x

Skill      XL: |  1  2 |
---------------+-------+-----
Dodging        | 3 |  3.1
Stealth        | |  4.3
Unarmed Combat | |  1.3
Spellcasting   | |  2.2
Hexes          | |  4.7

Action                   || total
-------------------------++-------
Melee: Unarmed           ||    64
       Bite              ||     5
 Stab: Sleeping          ||     5
Armor: Skin              ||     2
Dodge: Dodged            ||    58
